 Dungeon Crawl Stone Soup version 0.29-a0-397-g846e4a0bbc (webtiles) character file.

Game seed: 14780538013238476042

388 croobank the Covert (level 6, -5/53 HPs)
             Began as a Gnoll Delver on May 12, 2022.
             Slain by an ice beast (11 damage)
             ... on level 4 of the Dungeon.
             The game lasted 00:16:33 (5246 turns).

croobank the Covert (Gnoll Delver)                  Turns: 5246, Time: 00:16:34

Health: -5/53      AC:  3    Str: 11    XL:     6   Next: 79%
Magic:  9/9        EV: 13    Int: 12    God:
Gold:   264        SH:  0    Dex: 13    Spells: 9/9 levels left

rFire   . . .      SeeInvis .   f - +2 spear (freeze)
rCold   . . .      Faith    .   (no shield)
rNeg    . . .      Spirit   .   b - +0 leather armour
rPois   .          Reflect  .   (no helmet)
rElec   .          Harm     .   (no cloak)
rCorr   .          Rampage  .   (no gloves)
Will    .....                   (no boots)
Stlth   ++++......              (no amulet)
HPRegen 0.17/turn               (no ring)
MPRegen 0.11/turn               (no ring)

@: no status effects
A: fangs 1, strong nose, distributed training
a: no special abilities


You were on level 4 of the Dungeon.
You visited 1 branch of the dungeon, and saw 5 of its levels.

You collected 264 gold pieces.

Inventory:

Hand Weapons
 a - a +0 hand axe
 d - a +0 dagger of draining
 f - a +2 spear of freezing (weapon)
 k - a +1 short sword of protection
 r - a +0 falchion
 s - a +1 short sword of draining
 u - a +2 dagger of holy wrath
 y - a +1 whip of draining
Missiles
 h - 195 stones
 j - 2 javelins (quivered)
 w - a throwing net
Armour
 b - a +0 leather armour (worn)
Jewellery
 v - a ring of willpower
Wands
 g - a wand of digging (2)
 t - a wand of flame (17)
Scrolls
 c - 2 scrolls of fog
 e - 3 scrolls of fear
 i - a scroll of amnesia {unknown}
 z - a scroll of teleportation
Potions
 m - 3 potions of curing
 n - 2 potions of mutation {unknown}
 o - a potion of magic {unknown}
 p - 2 potions of might {unknown}
 q - a potion of brilliance {unknown}
 x - a potion of flight {unknown}


   Skills:
 + Level 6.9 Fighting
 + Level 2.1 Short Blades
 + Level 2.1 Long Blades
 + Level 5.0 Axes
 + Level 2.1 Maces & Flails
 + Level 2.1 Polearms
 + Level 2.1 Staves
 + Level 2.1 Slings
 + Level 2.1 Bows
 + Level 2.1 Crossbows
 + Level 2.1 Throwing
 + Level 2.1 Armour
 + Level 5.0 Dodging
 + Level 9.8 Stealth
 + Level 2.1 Shields
 + Level 2.1 Unarmed Combat
 + Level 2.1 Spellcasting
 + Level 1.6 Conjurations
 + Level 1.6 Hexes
 + Level 1.6 Summonings
 + Level 1.6 Necromancy
 + Level 1.6 Translocations
 + Level 1.6 Transmutations
 + Level 1.6 Fire Magic
 + Level 1.6 Ice Magic
 + Level 1.6 Air Magic
 + Level 1.6 Earth Magic
 + Level 1.6 Poison Magic
 + Level 2.3 Invocations
 + Level 2.1 Evocations


You had 9 spell levels left.
You didn't know any spells.
Your spell library contained the following spells:

 Spells                   Type           Power      Damage    Failure   Level
 Summon Small Mammal      Summ           20%        N/A       19%         1
 Blink                    Tloc           10%        N/A       26%         2
 Sublimation of Blood     Necr           5%         N/A       26%         2
 Wereblood                Tmut           5%         N/A       26%         2
 Call Canine Familiar     Summ           5%         N/A       47%         3
 Lesser Beckoning         Tloc           5%         N/A       47%         3
 Summon Guardian Golem    Hex/Summ       5%         N/A       47%         3
 Manifold Assault         Tloc           5%         N/A       99%         5
 Summon Hydra             Summ           2%         N/A       100%        7


Dungeon Overview and Level Annotations

Branches:
Dungeon (5/15)
 Temple: D:4-7

Altars:
Cheibriados
Dithmenos
Ru
Yredelemnul
The Shining One

Shops:
D:4 (


Innate Abilities, Weirdness & Mutations

You have very sharp teeth.
Your uncanny sense of smell can sniff out nearby items.
Your experience applies equally to all skills.


Message History

The ice beast is moderately wounded.
The ice beast barely misses you.
You closely miss the ice beast.
The ice beast is moderately wounded.
The ice beast hits you. The ice beast freezes you!
You closely miss the ice beast.
The ice beast is moderately wounded.
The ice beast misses you.
Okay, then.
You don't know any spells.
You don't know any spells.
You don't know any spells.
You don't know any spells.
You barely miss the ice beast.
The ice beast is moderately wounded.
The ice beast hits you but does no damage.
You barely miss the ice beast.
The ice beast is moderately wounded.
The ice beast barely misses you.
You closely miss the ice beast.
The ice beast is moderately wounded.
The ice beast hits you. The ice beast freezes you!
You hit the ice beast.
The ice beast is heavily wounded.
The ice beast hits you but does no damage.
You feel much better. The ice beast hits you. The ice beast freezes you!
You hit the ice beast.
The ice beast is severely wounded.
The ice beast misses you.
You hit the ice beast.
The ice beast is severely wounded.
The ice beast hits you. The ice beast freezes you!
* * * LOW HITPOINT WARNING * * *
You don't know any spells.
You puncture the ice beast!
The ice beast is almost dead.
The ice beast hits you.
* * * LOW HITPOINT WARNING * * *
The ice beast freezes you!
You die...

#.......## ##.##
.........####...##
.........'...>...##
.........####.....#
#<......## #.....#
##.....## ##....#
##...## ###.##
##'## #.#
#.###########@# ##
#.#.........Y.#
.###.#.###########
.##....# .#.....#
.##....# .###.#.###
.###.....##
..........#


You could see an ice beast.

Vanquished Creatures
  A howler monkey (D:4)
  A hound (D:4)
  2 iguanas (D:4)
  Ijyb (D:3)
  An orc wizard (D:4)
  3 adders
  8 gnolls
  4 worms
  2 dart slugs
  3 orcs
  8 ball pythons
  10 endoplasms
  2 giant cockroaches
  9 goblins
  10 hobgoblins
  2 jackals (D:3)
  6 quokkas
  6 bats
  4 frilled lizards
  7 kobolds
  8 rats
98 creatures vanquished.

Vanquished Creatures (others)
  An orc (D:4)
1 creature vanquished.

Grand Total: 99 creatures vanquished

Notes
Turn   | Place    | Note
-------+----------+-------------------------------------------
     0 | D:5      | Reached skill level 9 in Stealth
     0 | D:5      | croobank the Gnoll Delver began the quest for the Orb.
     0 | D:5      | Reached XP level 1. HP: 23/23 MP: 1/1
    29 | D:5      | Noticed a wight
    32 | D:5      | Noticed a wight
    32 | D:5      | Noticed a wight
    33 | D:5      | Noticed a wight
    34 | D:5      | Noticed an ice beast
    34 | D:5      | Noticed an iguana
    51 | D:4      | Found Fuelar's Weapon Shoppe.
   173 | D:2      | Reached XP level 2. HP: 29/29 MP: 2/2
   408 | D:1      | Found a faded altar of an unknown god.
   464 | D:1      | Reached XP level 3. HP: 35/35 MP: 3/3
   884 | D:1      | Reached skill level 1 in Invocations
  1412 | D:2      | Reached skill level 1 in Short Blades
  1412 | D:2      | Reached skill level 1 in Long Blades
  1412 | D:2      | Reached skill level 1 in Maces & Flails
  1412 | D:2      | Reached skill level 1 in Polearms
  1412 | D:2      | Reached skill level 1 in Staves
  1412 | D:2      | Reached skill level 1 in Slings
  1412 | D:2      | Reached skill level 1 in Bows
  1412 | D:2      | Reached skill level 1 in Crossbows
  1412 | D:2      | Reached skill level 1 in Throwing
  1412 | D:2      | Reached skill level 1 in Armour
  1412 | D:2      | Reached skill level 1 in Shields
  1412 | D:2      | Reached skill level 1 in Unarmed Combat
  1412 | D:2      | Reached skill level 1 in Spellcasting
  1412 | D:2      | Reached skill level 1 in Evocations
  1608 | D:2      | Found a sacrificial altar of Ru.
  1627 | D:2      | Reached XP level 4. HP: 41/41 MP: 5/5
  2569 | D:3      | Reached skill level 1 in Conjurations
  2569 | D:3      | Reached skill level 1 in Hexes
  2569 | D:3      | Reached skill level 1 in Summonings
  2569 | D:3      | Reached skill level 1 in Necromancy
  2569 | D:3      | Reached skill level 1 in Translocations
  2569 | D:3      | Reached skill level 1 in Transmutations
  2569 | D:3      | Reached skill level 1 in Fire Magic
  2569 | D:3      | Reached skill level 1 in Ice Magic
  2569 | D:3      | Reached skill level 1 in Air Magic
  2569 | D:3      | Reached skill level 1 in Earth Magic
  2569 | D:3      | Reached skill level 1 in Poison Magic
  2625 | D:3      | Reached XP level 5. HP: 10/47 MP: 5/7
  3061 | D:3      | Found a shadowy altar of Dithmenos.
  3067 | D:3      | Found a snail-covered altar of Cheibriados.
  3514 | D:3      | Noticed Ijyb
  3520 | D:3      | Killed Ijyb
  3611 | D:4      | Found a glowing golden altar of the Shining One.
  3613 | D:4      | Noticed an angel
  4145 | D:4      | Reached XP level 6. HP: 43/53 MP: 8/8
  4194 | D:4      | Reached skill level 5 in Axes
  4194 | D:4      | Reached skill level 5 in Dodging
  4637 | D:4      | Found a sacrificial altar of Ru.
  4966 | D:4      | Found a basalt altar of Yredelemnul.
  5246 | D:4      | Slain by an ice beast

Illustrated notes

Levels and vault maps discovered:
D:1:      dpeg_arrival_pits, layout_basic, nicolae_ecumenical_lake_church,
          minmay_indecisive_spiral
D:2:      layout_basic, basic_altar
D:3:      wander_river, layout_basic, mainiacjoe_overflow_big_doors, uniq_ijyb
D:4:      layout_loops_corners, grunt_temple_overflow_holy_war,
          nicolae_ru_great_annihilating_truth, serial_shops,
          nicolae_shop_hallway_stairs, minmay_starry_boxes
D:5:      layout_cave_pools, minmay_temple_entry_antechambers, serial_shops,
          nicolae_diamond_shop, st_stairs_6, minmay_manual_mandibuliform

Skill      XL: |  1  2  3  4  5  6 |
---------------+-------------------+-----
Stealth        | |  9.8
Invocations    | 1 2 |  2.3
Short Blades   | 1 2 |  2.1
Long Blades    | 1 2 |  2.1
Maces & Flails | 1 2 |  2.1
Polearms       | 1 2 |  2.1
Staves         | 1 2 |  2.1
Slings         | 1 2 |  2.1
Bows           | 1 2 |  2.1
Crossbows      | 1 2 |  2.1
Throwing       | 1 2 |  2.1
Armour         | 1 2 |  2.1
Shields        | 1 2 |  2.1
Unarmed Combat | 1 2 |  2.1
Spellcasting   | 1 2 |  2.1
Evocations     | 1 2 |  2.1
Conjurations   | 1 |  1.6
Hexes          | 1 |  1.6
Summonings     | 1 |  1.6
Necromancy     | 1 |  1.6
Translocations | 1 |  1.6
Transmutations | 1 |  1.6
Fire Magic     | 1 |  1.6
Ice Magic      | 1 |  1.6
Air Magic      | 1 |  1.6
Earth Magic    | 1 |  1.6
Poison Magic   | 1 |  1.6
Axes           | 5 |  5.0
Dodging        | 5 |  5.0
Fighting       | |  6.9

Action                   |  1- 3 |  4- 6 || total
-------------------------+-------+-------++-------
Melee: Hand axe          |    79 |       ||    79
       Bite              |     6 |    22 ||    28
       Short sword       |    17 |   185 ||   202
       Punch             |     1 |     2 ||     3
       Spear             |       |    46 ||    46
Throw: Javelin           |       |     6 ||     6
       Stone             |       |     2 ||     2
Evoke: Wand              |     1 |       ||     1
  Use: Potion            |     2 |     5 ||     7
       Scroll            |     4 |     7 ||    11
 Stab: Sleeping          |    15 |    15 ||    30
       Distracted        |       |     1 ||     1
Armor: Leather armour    |    11 |    59 ||    70
Dodge: Dodged            |    48 |   138 ||   186

Table legend: (Time is in decaauts)
 A = Elapsed time spent in this place.
 B = Non-inter-level travel time spent in this place.
 C = Inter-level travel time spent in this place.
 D = Time resting spent in this place.
 E = Time spent auto-exploring this place.
 F = Levels seen in this place.
 G = Mean time per level.
                   A        B        C        D        E       F      G
               +--------+--------+--------+--------+--------+-----+--------+
         Total |   5233 |   5179 |     54 |   1192 |   2900 |   5 | 1046.6 |
       Dungeon |   5233 |   5179 |     54 |   1192 |   2900 |   5 | 1046.6 |
               +--------+--------+--------+--------+--------+-----+--------+

Top non-repeatable levels by time:
     D:4: 1693 daAuts
     D:3: 1303 daAuts
     D:2: 1127 daAuts
     D:1: 1070 daAuts
     D:5: 39 daAuts
